Map: Frozen Temple

Players

Amix

  • Race: Terran Terran
  • League: Platinum
  • Spawn Location: 11:00

Innokenty - Winner!

  • Race: Zerg Zerg
  • Spawn Location: 5:00

VOD

Have the link to the VOD?

Description

Time

  • Played on: Nov. 6, 2016, 11:09 a.m.
  • Length: 7:31
Show
View Real Time Build Order
Export as new Build Order

Amix Terran 

Build Orders:  

Get SALT Encoding   

  12  0:02  SCV  
  13  0:18  SCV  
  14  0:30  SCV  
  14  0:32  Supply Depot  
  15  0:51  Refinery  
  15  0:54  SCV  
  15  0:56  Barracks  
  16  1:06  SCV  
  16  1:07  Barracks  
  18  1:18  SCV  
  18  1:30  SCV  
  19  1:42  SCV  
  19  1:43  Supply Depot  
  20  1:54  Refinery  
  20  1:56  SCV  
  20  1:58  Barracks Reactor  
  21  2:07  Marine  
  22  2:08  SCV  
  23  2:23  Supply Depot  
  23  2:24  SCV  
  24  2:31  Marine  
  24  2:36  SCV, Reaper x2  
  28  2:48  Marine  
  29  3:06  Marine  
  29  3:08  Reaper x2  
  32  3:24  Marine  
  33  3:40  Reaper x2  
  35  3:42  Marine  
  36  4:00  Marine  
  33  4:17  Marine  
  33  4:35  Marine  
  34  4:44  Orbital Command  
  34  4:53  Marine  
  35  5:11  Marine  
  36  5:17  Reaper  
  37  5:26  Supply Depot  
  37  5:28  Supply Depot  
  37  5:29  Marine  
  38  5:44  Barracks  
  38  5:45  Barracks  
  38  5:47  Marine, Barracks  
  38  5:49  Reaper  
  40  6:00  SCV  
  41  6:12  SCV  
  42  6:21  Reaper  
  39  6:34  Marine x3  
  27  6:52  Marine x3  
  27  6:53  Reaper  
Show
View Real Time Build Order
Export as new Build Order

Innokenty Zerg - Winner!

Build Orders: Hatch First 

Get SALT Encoding   

  12  0:01  Drone  
  13  0:14  Overlord  
  13  0:27  Drone  
  14  0:33  Drone x2  
  16  0:38  Drone  
  17  0:51  Drone  
  18  1:00  Hatchery  
  18  1:01  Drone  
  18  1:06  Extractor  
  17  1:19  Spawning Pool  
  16  1:28  Drone x2  
  18  1:34  Drone  
  19  1:43  Overlord  
  19  2:10  Zergling x4  
  19  2:12  Queen  
  19  2:13  Zergling x2  
  19  2:15  Queen  
  26  2:16  Metabolic Boost  
  26  2:24  Drone x2  
  28  2:30  Drone  
  29  3:06  Drone x3  
  29  3:07  Drone x3  
  35  3:22  Zergling x2  
  35  3:24  Overlord  
  36  3:42  Zergling x2  
  36  3:43  Zergling x14  
  40  4:23  Drone x3  
  43  4:27  Overlord x3  
  42  4:41  Extractor  
  42  4:42  Extractor  
  40  4:56  Baneling Nest  
  40  4:58  Drone x6  
  45  5:07  Pneumatized Carapace  
  45  5:10  Lair  
  45  5:27  Hatchery  
  44  5:29  Evolution Chamber  
  43  5:42  Zergling x2  
  44  5:43  Zergling x18  
  44  5:47  Baneling x13  
  53  6:02  Zergling x6  
  53  6:03  Zergling x4  
  58  6:25  Zergling x14  
  55  6:35  Zergling x10  
  58  6:46  Baneling x2  
Tags
 
League
Platinum
Matchup
TvZ
Spawn Locations
Cross Positions
Add a new tag
Caveats
  • Supply blocks, unpowered buildings, or Contaminate may cause inaccurate times.
  • Supply counts are checked every 10 seconds.